 Dungeon Crawl Stone Soup version 0.19-a0-1827-g174f941 (webtiles) character file.

214 dobroeutro the Skirmisher (level 5, -7/34 HPs)
             Began as a Gargoyle Fighter on Oct 7, 2016.
             Mangled by an ogre
             ... wielding a +0 giant club
              (23 damage)
             ... on level 3 of the Dungeon.
             The game lasted 00:03:14 (2587 turns).

dobroeutro the Skirmisher (Gargoyle Fighter)        Turns: 2587, Time: 00:03:15

Health: -7/34      AC: 11    Str: 20    XL:     5   Next: 91%
Magic:  5/5        EV:  7    Int:  9    God:
Gold:   244        SH:  9    Dex:  9    Spells: 0 memorised, 4 levels left

rFire  . . .     SeeInvis .     a - +0 flail
rCold  + . .     Gourm    .     b - +0 scale mail
rNeg   + . .     Faith    .     c - +0 shield
rPois  ∞         Spirit   .     (no helmet)
rElec  +         Dismiss  .     (no cloak)
rCorr  .         Reflect  .     (no gloves)
MR     .....     Harm     .     (no boots)
Stlth  ..........               (no amulet)
                                (no ring)
                                h - ring of protection from cold

@: no status effects
A: negative energy resistance 1, electricity resistance, unbreathing,
petrification resistance, rot immunity, AC +4
a: no special abilities


You were on level 3 of the Dungeon.
You were not hungry.

You visited 1 branch of the dungeon, and saw 3 of its levels.

You collected 244 gold pieces.

Inventory:

Hand Weapons
 a - a +0 flail (weapon)
Armour
 b - a +0 scale mail (worn)
 c - a +0 shield (worn)
Jewellery
 h - a ring of protection from cold (left hand)
Wands
 r - a wand of iceblast (7/15)
Scrolls
 e - 3 scrolls of identify {unknown}
 i - 2 scrolls of remove curse {unknown}
 j - a scroll of blinking {unknown}
 l - a scroll of recharging {unknown}
 x - a scroll of enchant weapon {unknown}
Potions
 d - a potion of might
 k - 2 potions of lignification {unknown}
 m - 2 potions of degeneration {unknown}
 n - a potion of heal wounds {unknown}
 o - a potion of mutation {unknown}
 p - a potion of haste {unknown}
 q - a potion of curing {unknown}
 s - a potion of agility {unknown}
 u - a potion of brilliance {unknown}
 v - a potion of flight {unknown}
Comestibles
 f - a beef jerky
 g - 5 fruits
 t - a slice of pizza
 w - a chunk of flesh


   Skills:
 + Level 4.6 Fighting
 * Level 4.4 Maces & Flails
 + Level 4.2 Armour
 - Level 3.2 Shields


You had 4 spell levels left.
You didn't know any spells.

Dungeon Overview and Level Annotations

Branches:
Dungeon (3/15)

Altars:
Xom


Innate Abilities, Weirdness & Mutations

You are resistant to torment.
Your stone body is resilient. (AC +4)
You are immune to poison.
You resist negative energy. (rN+)
You are resistant to electric shocks. (rElec)
You can survive without breathing.
You are immune to petrification.
You are immune to rotting.


Message History

The orc hits you but does no damage.
You hit the orc but do no damage.
The orc is severely wounded.
You block the orc's attack. x2; The orc barely misses you. x2
You hit the orc but do no damage.
The orc is severely wounded.
You block the orc's attack. The orc hits you but does no damage.
You block the orc's attack. x2
You sock the orc!
You kill the orc!
The orc hits you with a hand axe. The orc hits you but does no damage. x2
You hit the ogre.
The ogre is lightly wounded.
The ogre hits you with a giant club! The orc hits you with a club.
You block the orc's attack.
Your shield and scale mail prevent you from hitting the ogre.
The ogre is lightly wounded.
The ogre hits you with a giant club!!
Ouch! That really hurt!
You die...

#.# # #.# ####### #.#
#...... # #.# #.#####
##.###### #.# #.# #
........####.# #.# #
.............# #.# #
#.####.###### #.# #
#rKo@......####.### #
#.lO.o.....##.....# #
#.####...#.##.###.###
#. #....#...# #....
#. #...#.##.###.###
.. #..#####...>.### .
...# ###...... ## #.#
##.K... .###.# #.####


You could see an ogre, 2 orcs, a kobold, a frilled lizard and a rat.

Vanquished Creatures
  A worker ant (D:3)
  8 gnolls
  5 adders
  A worm (D:3)
  A leopard gecko (D:2)
  7 orcs (D:3)
  4 giant cockroaches
  2 goblins
  7 hobgoblins
  6 jackals (D:1)
  A quokka (D:2)
  A ball python (D:3)
  3 bats
  4 frilled lizards
  5 kobolds
  5 rats
61 creatures vanquished.

Notes
Turn   | Place    | Note
-------+----------+-------------------------------------------
     0 | D:1      | dobroeutro the Gargoyle Fighter began the quest for the Orb.
     0 | D:1      | Reached XP level 1. HP: 14/14 MP: 1/1
    81 | D:1      | Reached XP level 2. HP: 17/19 MP: 2/2
   723 | D:2      | Reached XP level 3. HP: 24/24 MP: 3/3
  1288 | D:2      | Found a shimmering altar of Xom.
  1434 | D:2      | Reached XP level 4. HP: 19/29 MP: 4/4
  1638 | D:3      | Reached XP level 5. HP: 23/33 MP: 5/5
  2333 | D:3      | Noticed an ogre
  2587 | D:3      | Mangled by an ogre

Vault maps used:
D:1:      dpeg_arrival_orchard, hangedman_decor_peaks_small
D:2:      lemuel_doored_altar
D:3:      fedhas_altar_3

Skill      XL: |  1  2  3  4  5 |
---------------+----------------+-----
Maces & Flails | 3 4 |  4.4
Fighting       | 4 |  4.6
Armour         | 4 |  4.2
Shields        | |  3.2

Action                   |  1- 3 |  4- 6 || total
-------------------------+-------+-------++-------
Melee: Flail             |   148 |   150 ||   298
  Eat: Bread ration      |       |     1 ||     1
       Chunk             |       |     2 ||     2
Armor: Scale mail        |   117 |    63 ||   180
Dodge: Dodged            |    62 |    54 ||   116
Block: Shield            |   114 |    87 ||   201
